TOP OF THE 1ST |
University of Florida Gators batting - Pitching for University of Maine Black Bears : RHP Johnny Becerra
|
Pitching: RHP Johnny Becerra
|
|
Batting: LHB Terry Bayer
|
0-0: Foul Ball, location: 2F 0-1: Called Strike 0-2: Foul Ball, location: 2F 0-2: Strikes out swinging
|
Batting: SHB Pat Justice
|
0-0: Fly out, F8 (Flyball, 89S, EV 86.2 MPH)
|
Batting: RHB Ben Bailey
|
0-0: Called Strike 0-1: SINGLE (Flyball, 8RS, EV 98.8 MPH)
|
Batting: RHB Lião Weishampt
|
0-0: Called Strike 0-1: Ground out 5-3 (Groundball, 56S, EV 71.9 MPH)
|
Top of the 1st over - 0 runs, 1 hit, 0 errors, 1 left on base; University of Florida 0 - University of Maine 0 |
BOTTOM OF THE 1ST |
University of Maine Black Bears batting - Pitching for University of Florida Gators : RHP Danny Crespo
|
Pitching: RHP Danny Crespo
|
|
Batting: RHB Justin Degon
|
0-0: Fly out, F8 (Line Drive, 8RD, EV 88.1 MPH)
|
Batting: SHB Ron Handford
|
0-0: SINGLE (Groundball, 4D, EV 106.9 MPH)
|
Batting: RHB Geoffrey Potter
|
0-0: Fly out, F9 (Flyball, 9D, EV 90.0 MPH)
|
Batting: RHB Geoffrey Gonzalez
|
0-0: Swinging Strike 0-1: Called Strike 0-2: Foul Ball, location: 2F 0-2: Ball 1-2: Ball 2-2: Foul Ball, location: 2F 2-2: Ball 3-2: Foul Ball, location: 2F 3-2: Foul Ball, location: 2F 3-2: TRIPLE (Flyball, 89XD, EV 95.6 MPH) Ron Handford scores
|
Batting: LHB Ed Leighton
|
0-0: Ball 1-0: Fly out, F7 (Line Drive, 7, EV 91.2 MPH)
|
Bottom of the 1st over - 1 run, 2 hits, 0 errors, 1 left on base; University of Florida 0 - University of Maine 1 |
TOP OF THE 2ND |
University of Florida Gators batting - Pitching for University of Maine Black Bears : RHP Johnny Becerra
|
Batting: RHB Elliott Pye
|
0-0: Ball 1-0: Ball 2-0: Foul Ball, location: 2F 2-1: Swinging Strike 2-2: Ground out 5-3 (Groundball, 56S, EV 86.2 MPH)
|
Batting: RHB Juan Lopez
|
0-0: Called Strike 0-1: Ball 1-1: Swinging Strike 1-2: Strikes out swinging
|
Batting: RHB Manny Harrison
|
0-0: Called Strike 0-1: Ball 1-1: Ball 2-1: Ground out 6-3 (Groundball, 6, EV 76.9 MPH)
|
Top of the 2nd over - 0 runs, 0 hits, 0 errors, 0 left on base; University of Florida 0 - University of Maine 1 |
BOTTOM OF THE 2ND |
University of Maine Black Bears batting - Pitching for University of Florida Gators : RHP Danny Crespo
|
Batting: RHB Rewa Havika
|
0-0: Ball 1-0: Foul Ball, location: 2F 1-1: Foul Ball, location: 2F 1-2: Ground out 6-3 (Groundball, 6S, EV 85.0 MPH)
|
Batting: LHB John Bergeron
|
0-0: Ball 1-0: Called Strike 1-1: Ball 2-1: Swinging Strike 2-2: Ball 3-2: Strikes out looking
|
Batting: RHB Frank Gould
|
0-0: Foul Ball, location: 2F 0-1: Ground out 6-3 (Groundball, 6, EV 88.1 MPH)
|
Bottom of the 2nd over - 0 runs, 0 hits, 0 errors, 0 left on base; University of Florida 0 - University of Maine 1 |
TOP OF THE 3RD |
University of Florida Gators batting - Pitching for University of Maine Black Bears : RHP Johnny Becerra
|
Batting: RHB Danny Cisneros
|
0-0: Ball 1-0: Foul Ball, location: 2F 1-1: Ball 2-1: Swinging Strike 2-2: Foul Ball, location: 2F 2-2: Fly out, F7 (Flyball, 78M, EV 98.1 MPH)
|
Batting: SHB Nathan Clement
|
0-0: Foul Ball, location: 2F 0-1: SINGLE (Groundball, 6M, EV 90.6 MPH) (infield hit)
|
Batting: LHB Terry Bayer
|
0-0: Ball 1-0: Called Strike 1-1: Foul Ball, location: 2F 1-2: SINGLE (Groundball, 6MD, EV 100.6 MPH) Nathan Clement to second Runner from 2nd tries for 3rd, SAFE, throw by CF made to third
|
Batting: SHB Pat Justice
|
0-0: Ball 1-0: Fielders Choice at 2nd, 4-6 (Groundball, 4, EV 86.2 MPH) Nathan Clement scores
|
Batting: RHB Ben Bailey
|
0-0: Ball Pat Justice is caught stealing 2nd base 2-4
|
Top of the 3rd over - 1 run, 2 hits, 0 errors, 0 left on base; University of Florida 1 - University of Maine 1 |
BOTTOM OF THE 3RD |
University of Maine Black Bears batting - Pitching for University of Florida Gators : RHP Danny Crespo
|
Batting: RHB Wang Huan
|
0-0: Ground out 4-3 (Groundball, 4, EV 102.5 MPH)
|
Batting: RHB Justin Degon
|
0-0: Called Strike 0-1: Ball 1-1: Swinging Strike 1-2: Strikes out swinging
|
Batting: SHB Ron Handford
|
0-0: SINGLE (Line Drive, 4D, EV 98.1 MPH)
|
Batting: RHB Geoffrey Potter
|
0-0: Ball 1-0: Ball Passed Ball! Ron Handford to second 2-0: Swinging Strike 2-1: Ball 3-1: SINGLE (Groundball, 25, EV 62.5 MPH) (infield hit) Ron Handford to third
|
Batting: RHB Geoffrey Gonzalez
|
0-0: Foul Ball, location: 2F 0-1: Foul Ball, location: 2F 0-2: Foul Ball, location: 2F 0-2: Ball 1-2: Strikes out looking
|
Bottom of the 3rd over - 0 runs, 2 hits, 0 errors, 2 left on base; University of Florida 1 - University of Maine 1 |
TOP OF THE 4TH |
University of Florida Gators batting - Pitching for University of Maine Black Bears : RHP Johnny Becerra
|
Batting: RHB Ben Bailey
|
0-0: Called Strike 0-1: Ball 1-1: Swinging Strike 1-2: DOUBLE (Line Drive, 3D, EV 98.1 MPH)
|
Batting: RHB Lião Weishampt
|
0-0: Ball 1-0: Foul Ball, location: 2F 1-1: Swinging Strike 1-2: Foul Ball, location: 2F 1-2: Foul Ball, location: 2F 1-2: Ball 2-2: Ball 3-2: Fly out, F7 (Flyball, 78S, EV 88.1 MPH)
|
Batting: RHB Elliott Pye
|
0-0: Ball 1-0: Ground out 4-3 (Groundball, 4M, EV 88.8 MPH) Ben Bailey to third
|
Batting: RHB Juan Lopez
|
0-0: Ball 1-0: Ball 2-0: Swinging Strike 2-1: Ball 3-1: Called Strike 3-2: Foul Ball, location: 2F 3-2: Foul Ball, location: 2F 3-2: Ground out 6-3 (Groundball, 6S, EV 63.8 MPH)
|
Top of the 4th over - 0 runs, 1 hit, 0 errors, 1 left on base; University of Florida 1 - University of Maine 1 |
BOTTOM OF THE 4TH |
University of Maine Black Bears batting - Pitching for University of Florida Gators : RHP Danny Crespo
|
Batting: LHB Ed Leighton
|
0-0: Ball 1-0: Foul Ball, location: 2F 1-1: Ball 2-1: Ground out 6-3 (Groundball, 56, EV 105.0 MPH)
|
Batting: RHB Rewa Havika
|
0-0: Called Strike 0-1: Ball 1-1: Swinging Strike 1-2: Strikes out looking
|
Batting: LHB John Bergeron
|
0-0: Called Strike 0-1: Ground out 6-3 (Groundball, 6S, EV 83.8 MPH)
|
Bottom of the 4th over - 0 runs, 0 hits, 0 errors, 0 left on base; University of Florida 1 - University of Maine 1 |
TOP OF THE 5TH |
University of Florida Gators batting - Pitching for University of Maine Black Bears : RHP Johnny Becerra
|
Batting: RHB Manny Harrison
|
0-0: Ground out 2-3 (Groundball, 15S, EV 71.9 MPH)
|
Batting: RHB Danny Cisneros
|
0-0: Swinging Strike 0-1: Ball 1-1: Foul Ball, location: 2F 1-2: Ground out 4-3 (Groundball, 4, EV 89.4 MPH)
|
Batting: SHB Nathan Clement
|
0-0: Ball 1-0: Ball 2-0: Called Strike 2-1: Called Strike 2-2: Strikes out swinging
|
Top of the 5th over - 0 runs, 0 hits, 0 errors, 0 left on base; University of Florida 1 - University of Maine 1 |
BOTTOM OF THE 5TH |
University of Maine Black Bears batting - Pitching for University of Florida Gators : RHP Danny Crespo
|
Batting: RHB Frank Gould
|
0-0: Called Strike 0-1: Foul Ball, location: 2F 0-2: Strikes out swinging
|
Batting: RHB Wang Huan
|
0-0: Swinging Strike 0-1: Called Strike 0-2: Ball 1-2: Foul Ball, location: 2F 1-2: Ball 2-2: Ball 3-2: Strikes out swinging
|
Batting: RHB Justin Degon
|
0-0: SINGLE (Groundball, 6MS, EV 87.5 MPH) (infield hit)
|
Batting: SHB Ron Handford
|
0-0: Ball Justin Degon is caught stealing 2nd base 2-6
|
Bottom of the 5th over - 0 runs, 1 hit, 0 errors, 0 left on base; University of Florida 1 - University of Maine 1 |
TOP OF THE 6TH |
University of Florida Gators batting - Pitching for University of Maine Black Bears : RHP Johnny Becerra
|
Batting: LHB Terry Bayer
|
0-0: Ball 1-0: Ground out 4-3 (Groundball, 34, EV 100.0 MPH)
|
Batting: SHB Pat Justice
|
0-0: Called Strike 0-1: Foul Ball, location: 2F 0-2: Strikes out swinging
|
Batting: RHB Ben Bailey
|
0-0: Ball 1-0: Fly out, F8 (Line Drive, 8RM, EV 95.6 MPH)
|
Top of the 6th over - 0 runs, 0 hits, 0 errors, 0 left on base; University of Florida 1 - University of Maine 1 |
BOTTOM OF THE 6TH |
University of Maine Black Bears batting - Pitching for University of Florida Gators : RHP Danny Crespo
|
Batting: SHB Ron Handford
|
0-0: Ball 1-0: Ground out 4-3 (Groundball, 4M, EV 85.6 MPH)
|
Batting: RHB Geoffrey Potter
|
0-0: Ball 1-0: Ball 2-0: Called Strike 2-1: Ground out U3 (Groundball, 34S, EV 78.1 MPH)
|
Batting: RHB Geoffrey Gonzalez
|
0-0: Foul Ball, location: 2F 0-1: Foul Ball, location: 2F 0-2: Ball 1-2: Ball 2-2: Ground out 5-3 (Groundball, 5S, EV 86.9 MPH)
|
Bottom of the 6th over - 0 runs, 0 hits, 0 errors, 0 left on base; University of Florida 1 - University of Maine 1 |
TOP OF THE 7TH |
University of Florida Gators batting - Pitching for University of Maine Black Bears : RHP Johnny Becerra
|
Pitching: RHP Shizue Morimoto
|
|
Batting: RHB Lião Weishampt
|
0-0: Ball 1-0: Called Strike 1-1: Ball 2-1: Foul Ball, location: 2F 2-2: SINGLE (Groundball, 6D, EV 95.0 MPH)
|
Batting: RHB Elliott Pye
|
0-0: Ball 1-0: Foul Ball, location: 2F 1-1: Foul Ball, location: 2F 1-2: Ball 2-2: Foul Ball, location: 2F 2-2: Ball 3-2: Foul Ball, location: 2F 3-2: Strikes out swinging
|
Pinch Hitting: LHB Dave Newsome
|
0-0: Ball 1-0: Ball 2-0: Called Strike 2-1: Fielders Choice at 2nd, 5-4 (Groundball, 5, EV 83.1 MPH)
|
Batting: RHB Manny Harrison
|
0-0: Ball 1-0: Swinging Strike 1-1: Foul Ball, location: 2F 1-2: Strikes out swinging
|
Top of the 7th over - 0 runs, 1 hit, 0 errors, 1 left on base; University of Florida 1 - University of Maine 1 |
BOTTOM OF THE 7TH |
University of Maine Black Bears batting - Pitching for University of Florida Gators : RHP Danny Crespo
|
Pitching: LHP Jorge Guadalupe
|
|
Now at SS: Marco Morales
|
|
Batting: LHB Ed Leighton
|
0-0: Ball 1-0: Swinging Strike 1-1: Ball 2-1: Foul Ball, location: 2F 2-2: Ground out U3 (Groundball, 34, EV 100.6 MPH)
|
Batting: RHB Rewa Havika
|
0-0: Ball 1-0: Ball 2-0: Ball 3-0: Called Strike 3-1: SINGLE (Groundball, 25, EV 75.0 MPH) (infield hit)
|
Pinch Hitting: RHB Bryan Douglas
|
0-0: Called Strike 0-1: Foul Ball, location: 2F 0-2: Strikes out swinging
|
Batting: RHB Frank Gould
|
0-0: Called Strike 0-1: Foul Ball, location: 2F 0-2: Ball 1-2: Reached on error, E5 (Groundball, 56S, EV 61.2 MPH) Rewa Havika to third
|
Batting: RHB Wang Huan
|
0-0: Ball 1-0: Ball 2-0: Ground out 6-3 (Groundball, 56, EV 90.0 MPH)
|
Bottom of the 7th over - 0 runs, 1 hit, 1 error, 2 left on base; University of Florida 1 - University of Maine 1 |
TOP OF THE 8TH |
University of Florida Gators batting - Pitching for University of Maine Black Bears : RHP Shizue Morimoto
|
Pitching: RHP Jorge Gutierrez
|
|
Now in RF: John Knox
|
|
Batting: RHB Danny Cisneros
|
0-0: Ball 1-0: Called Strike 1-1: Called Strike 1-2: Ball 2-2: Foul Ball, location: 2F 2-2: Ball 3-2: Base on Balls
|
Batting: SHB Nathan Clement
|
0-0: Called Strike 0-1: Swinging Strike 0-2: Ball 1-2: Fielders Choice at 2nd, 1-6 (Groundball, 13S, EV 76.2 MPH)
|
Batting: LHB Terry Bayer
|
0-0: Fly out, F4 (Line Drive, 4M, EV 67.5 MPH)
|
Batting: SHB Pat Justice
|
0-0: Called Strike 0-1: Ball 1-1: Swinging Strike 1-2: Ball 2-2: DOUBLE (Line Drive, 7LS, EV 102.5 MPH) Nathan Clement to third
|
Batting: RHB Ben Bailey
|
0-0: Ball 1-0: Ball 2-0: Called Strike 2-1: Ground out 3-1 (Groundball, 34S, EV 84.4 MPH)
|
Top of the 8th over - 0 runs, 1 hit, 0 errors, 2 left on base; University of Florida 1 - University of Maine 1 |
BOTTOM OF THE 8TH |
University of Maine Black Bears batting - Pitching for University of Florida Gators : LHP Jorge Guadalupe
|
Pitching: RHP Justin Alvarado
|
|
Batting: RHB Justin Degon
|
0-0: Ground out 5-3 (Groundball, 5, EV 99.4 MPH)
|
Batting: SHB Ron Handford
|
0-0: Foul Ball, location: 2F 0-1: Ball 1-1: DOUBLE (Groundball, 5L, EV 108.8 MPH)
|
Batting: RHB Geoffrey Potter
|
0-0: Ball 1-0: Ball 2-0: Ball 3-0: Base on Balls
|
Batting: RHB Geoffrey Gonzalez
|
0-0: Swinging Strike 0-1: Foul Ball, location: 2F 0-2: Ball 1-2: Strikes out swinging
|
Batting: LHB Ed Leighton
|
0-0: Ball 1-0: Swinging Strike 1-1: Ball 2-1: Ball 3-1: Called Strike 3-2: Foul Ball, location: 2F 3-2: Ground out 4-3 (Groundball, 4, EV 109.4 MPH)
|
Bottom of the 8th over - 0 runs, 1 hit, 0 errors, 2 left on base; University of Florida 1 - University of Maine 1 |
TOP OF THE 9TH |
University of Florida Gators batting - Pitching for University of Maine Black Bears : RHP Jorge Gutierrez
|
Pitching: LHP Al Sisneros
|
|
Batting: RHB Lião Weishampt
|
0-0: Called Strike 0-1: Ball 1-1: Called Strike 1-2: Ball 2-2: Ball 3-2: Base on Balls
|
Batting: RHB Elliott Pye
|
0-0: Ball 1-0: Called Strike 1-1: Fly out, F6 (Popup, 6D, EV 46.2 MPH)
|
Batting: RHB Marco Morales
|
0-0: Swinging Strike 0-1: Sac Bunt to P - play at first, batter OUT! 1-3 Lião Weishampt to second
|
Pinch Hitting: RHB Gong-sun Law
|
0-0: Intentional Walk
|
Batting: RHB Danny Cisneros
|
0-0: Foul Ball, location: 2F 0-1: Called Strike 0-2: Ball 1-2: Ball 2-2: Ball 3-2: Base on Balls Lião Weishampt to third Gong-sun Law to second
|
Batting: SHB Nathan Clement
|
0-0: Ball 1-0: Called Strike 1-1: Swinging Strike 1-2: Ball 2-2: Ball 3-2: Ground out 6-3 (Groundball, 6, EV 83.1 MPH)
|
Top of the 9th over - 0 runs, 0 hits, 0 errors, 3 left on base; University of Florida 1 - University of Maine 1 |
BOTTOM OF THE 9TH |
University of Maine Black Bears batting - Pitching for University of Florida Gators : RHP Justin Alvarado
|
Pitching: RHP Elliot Gallagher
|
|
Now at 3B: Gong-sun Law
|
|
Batting: RHB Rewa Havika
|
0-0: Ball 1-0: Called Strike 1-1: Foul Ball, location: 2F 1-2: Strikes out swinging
|
Batting: LHB John Knox
|
0-0: Ball 1-0: Ground out 5-3 (Groundball, 5S, EV 83.1 MPH)
|
Batting: RHB Frank Gould
|
0-0: Ball 1-0: Swinging Strike 1-1: Ball 2-1: Swinging Strike 2-2: Strikes out swinging
|
Bottom of the 9th over - 0 runs, 0 hits, 0 errors, 0 left on base; University of Florida 1 - University of Maine 1 |
TOP OF THE 10TH |
University of Florida Gators batting - Pitching for University of Maine Black Bears : LHP Al Sisneros
|
Pitching: LHP Mario Valderrama
|
|
Batting: LHB Terry Bayer
|
0-0: Called Strike 0-1: Fly out, F8 (Line Drive, 8RD, EV 108.1 MPH)
|
Batting: SHB Pat Justice
|
0-0: Called Strike 0-1: Ball 1-1: Ball 2-1: Foul Ball, location: 2F 2-2: Foul Ball, location: 2F 2-2: Foul Ball, location: 2F 2-2: SOLO HOME RUN (Flyball, 7LD, EV 91.2 MPH), Distance : 357 ft
|
Batting: RHB Ben Bailey
|
0-0: Ball 1-0: Ball 2-0: Called Strike 2-1: Fly out, F8 (Flyball, 8RD, EV 95.0 MPH)
|
Batting: RHB Lião Weishampt
|
0-0: Called Strike 0-1: Ball 1-1: Ground out 6-3 (Groundball, 6S, EV 64.4 MPH)
|
Top of the 10th over - 1 run, 1 hit, 0 errors, 0 left on base; University of Florida 2 - University of Maine 1 |
BOTTOM OF THE 10TH |
University of Maine Black Bears batting - Pitching for University of Florida Gators : RHP Elliot Gallagher
|
Pitching: LHP Adhamh Lubis
|
|
Batting: RHB Wang Huan
|
0-0: Ball 1-0: Foul Ball, location: 2F 1-1: SINGLE (Line Drive, 6MD, EV 102.5 MPH)
|
Batting: RHB Justin Degon
|
0-0: Bunt missed! 0-1: Bunt missed! 0-2: Ball 1-2: Ball 2-2: Strikes out swinging
|
Batting: SHB Ron Handford
|
0-0: Ball 1-0: Called Strike 1-1: Grounds into double play, 6-4-3 (Groundball, 56, EV 91.9 MPH)
|
Bottom of the 10th over - 0 runs, 1 hit, 0 errors, 0 left on base; University of Florida 2 - University of Maine 1 |
|